AoeStats
← tomi09

Arena

507541890Analyzed
1v1 RM · 13d ago on Sep 18, 2026· 59m 21s· 2 players
Game mode
Random Map
Map size
Tiny (2 player)
Population
200
Speed
Normal
Resources
Standard
Victory
Conquest
Starting age
Dark Age
Ending age
Imperial Age
RankedLock teamsTeams togetherTeam positionsShared explorationLock speedFull tech treeHidden civsTurbo modeCheats
Victory
Defeat
🇺🇸 Italians · United States
1110
+15
🇦🇹 Franks · Austria
1082
-15
tomi09
10:55 Feudal Age
15:18 Castle Age
13:36 Double-Bit Axe
16:26 Bow Saw
16:56 Wheelbarrow
20:51 Wheelbarrow
20:02 Town Watch
20:14 Loom
23:19 Hand Cart
23:19 Gold Mining
24:48 Stone Mining
25:21 Pikeman
26:02 Squires
25:47 Arson
29:40 Imperial Age
27:25 Masonry
27:30 Fortified Wall
29:03 Scale Mail Armor
29:14 Forging
28:55 Fletching
30:17 Gold Shaft Mining
29:48 Halberdier
31:02 Heavy Scorpion
32:30 Chain Mail Armor
32:48 Ballistics
32:25 Murder Holes
33:42 Siege Engineers
34:39 Chemistry
34:07 Conscription
35:06 Plate Mail Armor
35:21 Capped Ram
37:53 Scale Barding Armor
37:44 Bodkin Arrow
38:25 Iron Casting
38:31 Architecture
40:34 Cavalier
41:15 Husbandry
40:36 Light Cavalry
41:41 Chain Barding Armor
43:43 Plate Barding Armor
44:09 Blast Furnace
42:37 Light Cavalry
50:08 Paladin
Psalms18:2
10:02 Feudal Age
14:07 Castle Age
12:10 Double-Bit Axe
13:08 Horse Collar
15:24 Bow Saw
16:55 Loom
20:54 Wheelbarrow
23:17 Heavy Plow
23:33 Fletching
27:01 Imperial Age
25:13 Scale Mail Armor
25:11 Bodkin Arrow
25:27 Forging
25:18 Padded Archer Armor
26:13 Town Watch
25:57 Pikeman
27:12 Gold Mining
27:13 Stone Mining
28:03 Iron Casting
27:44 Chain Mail Armor
27:33 Squires
28:50 Chemistry
30:47 Pirotechnia
31:11 Ballistics
31:43 Bracer
32:56 Conscription
33:52 Hand Cart
35:14 Leather Archer Armor
35:43 Masonry
36:03 Light Cavalry
41:04 Ring Archer Armor
41:36 Blast Furnace
44:37 Bombard Tower
44:14 Murder Holes
44:36 Chain Mail Armor
44:30 Scale Barding Armor
47:21 Chain Barding Armor
47:59 Elite Skirmisher
48:24 Hussar
49:19 Bloodlines
51:01 Elite Genoese Crossbowman
54:19 Plate Barding Armor
54:01 Husbandry
57:15 Fortified Wall
57:36 Architecture
Connection lost

Rejoining the realm…

Still unreachable

The connection could not be restored.

Session expired

The server has moved on; the page needs a fresh start.